 Dungeon Crawl Stone Soup version 0.28-a0-503-g83f2989fac (webtiles) character file.

Game seed: 6647710521866637417

12160 meatgazer the Agent of Entropy (level 11, -14/89 HPs)
             Began as a Demonspawn Abyssal Knight on Sept 20, 2021.
             Was a Priest of Lugonu.
             Demolished by a komodo dragon (18 damage)
             ... on level 1 of the Lair of Beasts.
             The game lasted 00:27:25 (15406 turns).

meatgazer the Agent of Entropy (DsAK)              Turns: 15406, Time: 00:27:26

Health: -14/89     AC:  9    Str: 15    XL:     11   Next: 58%
Magic:  14/22      EV: 17    Int: 13    God:    Lugonu [***...]
Gold:   668        SH:  0    Dex: 20    Spells: 21/21 levels left

rFire   + . .      SeeInvis .   c - +10 mace "Soppen" {distort, rN++}
rCold   + + .      Faith    .   (no shield)
rNeg    + + .      Spirit   .   p - +5 robe of Misfortune {Contam Harm *Corrode Drain *Slow EV+5}
rPois   .          Reflect  .   (no helmet)
rElec   .          Harm     +   k - scarf {rC+ rF+}
rCorr   .          Rampage  .   (no gloves)
Will    .....                   (no boots)
Stlth   ++........              (no amulet)
HPRegen 0.24/turn               o - +6 ring of dexterity
MPRegen 0.36/turn               n - ring of protection from cold

@: no status effects
A: talons 1, demonic guardian 2, magic regeneration, sharp scales 2
a: Renounce Religion, Depart the Abyss, Bend Space, Banish


You were on level 1 of the Lair of Beasts.
You worshipped Lugonu.
Lugonu was most pleased with you.
You visited 2 branches of the dungeon, and saw 10 of its levels.
You visited the Abyss 1 time.
You also visited: Sewer.

You collected 668 gold pieces.

Inventory:

Hand Weapons
 c - the +10 mace "Soppen" (weapon) {distort, rN++}
   (You found it on level 1 of the Abyss)

   It warps and distorts space around it, and may blink, banish, or inflict
   extra damage upon those it strikes.
   Unwielding it can cause banishment or high damage.
   rN:        It greatly protects you from negative energy.
 x - a +5 dire flail of freezing
 y - the +7 long sword of Cowardice {drain, rF- rN++ Str+3 Int+2}
   (You took it off an orc on level 9 of the Dungeon)

   A truly terrible weapon, it drains the life of any living foe it strikes.
   Str:       It affects your strength (+3).
   Int:       It affects your intelligence (+2).
   rF:        It makes you vulnerable to fire.
   rN:        It greatly protects you from negative energy.
Armour
 b - +1 acid dragon scales
 i - a +1 robe of the Archmagi
 k - a scarf of resistance (worn)
 p - the +5 robe of Misfortune (worn) {Contam Harm *Corrode Drain *Slow EV+5}
   (You found it on level 8 of the Dungeon)

   EV:        It affects your evasion (+5).
   Contam:    It causes magical contamination when unequipped.
   *Corrode:  It may corrode you when you take damage.
   Drain:     It drains your maximum health when unequipped.
   *Slow:     It may slow you when you take damage.
   Harm:      It increases damage dealt and taken.
 q - a +0 pair of gloves
Magical Staves
 g - a staff of fire
 t - a staff of death
Jewellery
 n - a ring of protection from cold (right hand)
 o - a +6 ring of dexterity (left hand)
 s - a ring of fire
 u - an amulet of regeneration
 v - an amulet of magic regeneration
Wands
 m - a wand of iceblast (19)
Scrolls
 a - 5 scrolls of enchant weapon
 d - 3 scrolls of immolation
 j - 2 scrolls of amnesia
 r - 2 scrolls of identify
 w - a scroll of enchant armour
Potions
 e - 4 potions of curing
 f - a potion of haste
 h - a potion of magic
 l - 7 potions of flight
 A - a potion of brilliance


   Skills:
 + Level 9.2 Fighting
 + Level 8.4 Maces & Flails
 - Level 1.7 Polearms
 - Level 1.7 Armour
 - Level 0.8 Dodging
 + Level 5.7 Spellcasting
 * Level 15.1 Invocations


You had 21 spell levels left.
You didn't know any spells.
Your spell library contained the following spells:

 Spells                   Type           Power      Damage    Failure   Level
 Shock                    Conj/Air       12%        1d3       17%         1
 Ensorcelled Hibernation  Hex/Ice        6%         N/A       26%         2
 Swiftness                Air            3%         N/A       45%         3
 Tukima's Dance           Hex            3%         N/A       45%         3
 Airstrike                Air            1%         N/A       86%         4
 Hailstorm                Conj/Ice       3%         3d3       86%         4
 Summon Ice Beast         Ice/Summ       3%         N/A       86%         4
 Metabolic Englaciation   Hex/Ice        1%         N/A       99%         5
 Simulacrum               Ice/Necr       1%         N/A       100%        6


Dungeon Overview and Level Annotations

Branches:
Dungeon (9/15)             Temple (0/1) D:4            Lair (1/6) D:9
  Sewer (visited)
    Orc: D:9-12

Altars:
Elyvilon
Fedhas
Kikubaaqudgha
Nemelex Xobeh
Okawaru
Qazlal
Trog
Uskayaw
Xom

Annotations:
D:6 RandomusNamus's ghost, novice MiGl
D:9 corrupted
Abyss:1 Gastronok


Innate Abilities, Weirdness & Mutations

You have sharp toenails.
A demonic guardian rushes to your aid.
You regenerate magic rapidly.
You are mostly covered in razor-sharp scales. (AC +2, Slay +2)


Message History

You feel sick. The cane toad stings you.
You sock the cane toad!
You kill the cane toad!
Lugonu accepts your kill.
You feel sick.
You start resting.
You feel sick. x7
You are no longer poisoned.
You start resting.
A komodo dragon comes into view.
A komodo dragon is nearby!
A komodo dragon is nearby!
A komodo dragon is nearby!
A komodo dragon is nearby!
The komodo dragon hisses angrily.
You hit the komodo dragon but do no damage.
Space bends around the komodo dragon.
The komodo dragon is lightly wounded.
The komodo dragon bites you.
You hit the komodo dragon but do no damage.
Space warps horribly around the komodo dragon!!
You claw the komodo dragon, but do no damage.
The komodo dragon is severely wounded.
The komodo dragon closely misses you.
You barely miss the komodo dragon. You claw the komodo dragon.
The komodo dragon is severely wounded.
The komodo dragon bites you!
You closely miss the komodo dragon. You claw the komodo dragon.
The komodo dragon is severely wounded.
The komodo dragon bites you!!
* * * LOW HITPOINT WARNING * * *
You are too injured to fight recklessly!
Press: ? - help, Shift-Dir - straight line, f - komodo dragon
Aim: a komodo dragon (severely wounded, chance to affect: 78%)
The komodo dragon barely resists.
The komodo dragon bites you!!
* * * LOW HITPOINT WARNING * * *
A demonic guardian appears!
Press: ? - help, Shift-Dir - straight line, f/p - komodo dragon
Aim: a komodo dragon (severely wounded, ally target, chance to affect: 78%)
The komodo dragon barely resists.
The komodo dragon bites you!
You die...

.. #P..##......#...##.
..#######...#......##...###
≈....................#...###
≈≈............^.....##......
≈≈≈................####......
≈≈≈≈..........................
≈≈≈....##....P#.P...#.#..##.##
.≈............P......###.##..#
#..........l@.......##.......
##..............$.............
^..........4.....†............
..........[............$......
#.......................##...
#....................## ##..
#.........##P.P####..# ##..
.....)...P.P##.... #... ....
.........#..##.#.. .P. .....


You could see a komodo dragon (ally target) and a friendly rust devil
(summoned).

Vanquished Creatures
  A two-headed ogre (D:9)
  A wizard (D:8)
  An orc knight (D:9)
  A cane toad (Lair:1)
  Maggie (D:8)
  A komodo dragon (Lair:1)
  2 kobold demonologists (D:9)
  6 trolls
  A steam dragon (D:8)
  A yak (D:9)
  6 wargs (D:9)
  3 water moccasins
  A hell hound (D:9)
  3 orc warriors (D:9)
  2 black bears
  An ice beast (D:5)
  3 ogres
  A necrophage (D:8)
  3 centaurs
  2 kobold brigands (D:9)
  5 bullfrogs
  3 scorpions
  A gnoll sergeant (D:9)
  2 water moccasin zombies
  A wyvern skeleton (D:7)
  6 killer bees
  3 wights
  4 howler monkeys (D:9)
  A centaur zombie (D:5)
  2 bullfrog zombies (D:6)
  3 hounds
  A jelly (D:6)
  4 gnoll shamans (D:9)
  7 orc priests
  2 iguanas
  A scorpion zombie (D:5)
  11 orc wizards
  2 killer bee zombies
  A hound zombie (D:5)
  8 adders
  6 gnolls
  An ufetubus (D:4)
  2 adder skeletons (D:4)
  5 worms
  2 dart slugs
  23 orcs
  11 ball pythons
  6 endoplasms
  4 giant cockroaches
  9 goblins
  4 hobgoblins
  19 jackals
  7 kobolds
  4 quokkas
  17 bats
  5 frilled lizards
  A quokka skeleton (D:4)
  8 rats
243 creatures vanquished.

Vanquished Creatures (collateral kills)
  A vampire (D:9)
  A steam dragon (D:8)
  A hell hound (D:9)
  A black bear (D:9)
  A killer bee (D:8)
  A wight (D:9)
  2 orcs
8 creatures vanquished.

Vanquished Creatures (others)
  A two-headed ogre (D:9)
  A kobold demonologist (D:9)
  A troll (D:9)
  2 wargs (D:9)
  2 orc warriors (D:9)
  3 kobold brigands (D:9)
  2 gnoll sergeants (D:9)
  A scorpion (D:9)
  A howler monkey (D:9)
  3 orc priests (D:9)
  4 gnoll shamans (D:9)
  2 orc wizards (D:9)
  34 fungi (D:9)
  41 plants (D:9)
  6 starspawn tentacles (D:9)
104 creatures vanquished.

Grand Total: 355 creatures vanquished

Notes
Turn   | Place    | Note
-------+----------+-------------------------------------------
     0 | Abyss:1  | meatgazer the Demonspawn Abyssal Knight began the quest for
                  | the Orb.
     0 | Abyss:1  | Reached XP level 1. HP: 18/18 MP: 2/2
     2 | Abyss:1  | Identified the +10 mace "Soppen" {distort, rN++}
     2 | Abyss:1  | Noticed a thrashing horror
     4 | D:1      | Escaped the Abyss
   265 | D:1      | Reached skill level 1 in Maces & Flails
   265 | D:1      | Gained mutation: You are partially covered in razor-sharp
                  | scales. (AC +1, Slay +1) [demonic ancestry]
   265 | D:1      | Reached XP level 2. HP: 20/24 MP: 4/4
   630 | D:1      | Reached * piety under Lugonu
   957 | D:1      | Reached skill level 3 in Invocations
  1077 | D:1      | Reached XP level 3. HP: 29/29 MP: 5/5
  1273 | D:1      | Found a faded altar of an unknown god.
  1706 | D:2      | Reached ** piety under Lugonu
  1707 | D:2      | Gained mutation: A weak demonic guardian rushes to your
                  | aid. [demonic ancestry]
  1707 | D:2      | Reached XP level 4. HP: 35/35 MP: 6/6
  2104 | D:2      | You fall into a shaft and drop 1 floor!
  2394 | D:3      | Found a hide-covered altar of Uskayaw.
  2680 | D:3      | Found a glowing drain.
  2688 | Sewer    | Entered a sewer
  2694 | Sewer    | Reached skill level 4 in Invocations
  3478 | Sewer    | Gained mutation: You regenerate magic rapidly. [demonic
                  | ancestry]
  3478 | Sewer    | Reached XP level 5. HP: 38/42 MP: 8/8
  3529 | Sewer    | Reached *** piety under Lugonu
  3693 | D:3      | Noticed a black bear
  3696 | D:3      | Killed a black bear
  3697 | D:3      | Reached skill level 5 in Invocations
  3817 | D:3      | You fall into a shaft and drop 3 floors!
  3844 | D:5      | Entered Level 5 of the Dungeon
  3852 | D:5      | Reached XP level 6. HP: 41/48 MP: 9/9
  4482 | D:3      | Got the Reference Book on Snow
  4796 | D:4      | Found a bloodstained altar of Trog.
  4805 | D:4      | Reached skill level 6 in Invocations
  4904 | D:4      | Found a staircase to the Ecumenical Temple.
  5267 | D:4      | Found a blossoming altar of Fedhas.
  5320 | D:5      | Gained mutation: You are mostly covered in razor-sharp
                  | scales. (AC +2, Slay +2) [demonic ancestry]
  5320 | D:5      | Reached XP level 7. HP: 49/55 MP: 11/11
  5885 | D:5      | Reached skill level 7 in Invocations
  5983 | D:5      | Reached skill level 5 in Fighting
  6378 | D:5      | Reached skill level 8 in Invocations
  6877 | D:6      | Reached XP level 8. HP: 48/62 MP: 14/14
  6954 | D:6      | Reached skill level 5 in Maces & Flails
  7081 | D:6      | Reached skill level 9 in Invocations
  7267 | D:6      | Found a shimmering altar of Xom.
  7350 | D:6      | Found a transporter.
  7360 | D:6      | Noticed RandomusNamus's ghost (novice MiGl)
  7391 | D:6      | Found a transporter.
  7596 | D:6      | Reached skill level 10 in Invocations
  9276 | D:7      | Reached XP level 9. HP: 44/71 MP: 16/16
  9727 | D:7      | Found an iron altar of Okawaru.
  9728 | D:7      | Found a sparkling altar of Nemelex Xobeh.
  9729 | D:7      | Found a stormy altar of Qazlal.
  9816 | D:7      | Found an ancient bone altar of Kikubaaqudgha.
 10048 | D:8      | Reached **** piety under Lugonu
 10450 | D:8      | Reached skill level 1 in Spellcasting
 10519 | D:8      | Noticed a wizard
 10522 | D:8      | Found the +5 robe of Misfortune {Contam Harm *Corrode Drain
                  | *Slow EV+5}
 10524 | D:8      | Killed a wizard
 10525 | D:8      | Reached skill level 11 in Invocations
 11060 | D:8      | Noticed a troll
 11065 | D:8      | Killed a troll
 11066 | D:8      | Reached skill level 12 in Invocations
 11078 | D:8      | Noticed Maggie
 11088 | D:8      | Killed Maggie
 11163 | D:8      | Gained mutation: A demonic guardian rushes to your aid.
                  | [demonic ancestry]
 11163 | D:8      | Reached XP level 10. HP: 69/79 MP: 19/19
 11879 | D:8      | HP: 4/80 [steam dragon (1)]
 12552 | D:9      | Found a staircase to the Lair.
 12569 | D:9      | Reached skill level 13 in Invocations
 13019 | D:9      | Noticed an orc knight
 13620 | D:9      | Noticed a two-headed ogre
 13623 | D:9      | Corrupted D:9
 13623 | D:9      | Noticed a tentacled starspawn
 13623 | D:9      | Noticed a thrashing horror
 13623 | D:9      | Noticed an Executioner
 13623 | D:9      | Noticed a thrashing horror
 13624 | D:9      | Noticed a death drake
 13626 | D:9      | Noticed a tentacled starspawn
 13628 | D:9      | Noticed a smoke demon
 13629 | D:9      | Noticed an orange demon
 13630 | D:9      | Killed a two-headed ogre
 14123 | D:9      | Noticed a cyclops
 14131 | D:9      | Banished a cyclops
 14132 | D:9      | Reached skill level 14 in Invocations
 14132 | D:9      | Gained mutation: You have sharp toenails. [demonic
                  | ancestry]
 14132 | D:9      | Reached XP level 11. HP: 43/87 MP: 16/21
 14559 | D:9      | Identified the +7 long sword of Cowardice {drain, rF- rN++
                  | Str+3 Int+2}
 14768 | D:9      | Noticed a two-headed ogre
 14774 | D:9      | Killed an orc knight
 14775 | D:9      | Reached skill level 5 in Spellcasting
 14776 | D:9      | Killed a two-headed ogre
 15155 | Lair:1   | Entered Level 1 of the Lair of Beasts
 15273 | Lair:1   | Noticed Gastronok
 15278 | Lair:1   | Banished Gastronok
 15279 | Lair:1   | Reached skill level 15 in Invocations
 15405 | Lair:1   | HP: 4/89 [komodo dragon (21)]
 15406 | Lair:1   | Demolished by a komodo dragon

Illustrated notes

Levels and vault maps discovered:
D:1:      dpeg_arrival_houses_and_road, layout_basic,
          dreamdust_ecumenical_altar_hidden_monk_grotto
D:2:      layout_loops_ring
D:3:      layout_basic, mainiacjoe_overflow_alcove_2,
          cheibrodos_sewer_entry_bend, st_stairs_1, grunt_decor_junction,
          chequers_serial_rivers_micro_b, feat_on_display
D:4:      layout_basic, fedhas_altar_fruit_tree, kennysheep_mini_moat,
          minmay_temple_entry_mist, minmay_cut_off
D:5:      layout_gridville
D:6:      layout_basic, old_standard_altar, gammafunk_ghost_stat_death
D:7:      layout_rooms, mainiacjoe_overflow_alcove_4,
          mainiacjoe_overflow_alcove_3
D:8:      cheibrodos_wizards_tower, layout_loops_ring, uniq_maggie
D:9:      lemuel_castle_with_subvaults [lemuel_castle_interior_carwin_1],
          layout_irregular_city, due_lair_maze_entry_diamond
Lair:1:   beast_lair_carwin_large_2, layout_gridlike, infiniplex_staircase_pool,
          uniq_gastronok

Skill      XL: |  1  2  3  4  5  6  7  8  9 10 11 |
---------------+----------------------------------+-----
Maces & Flails | 1 2 3 4 5 6 7 8 |  8.4
Invocations    | 3 4 5 6 8 10 12 14 15 | 15.1
Fighting       | 4 5 6 7 8 9 |  9.2
Spellcasting   | 3 4 5 |  5.7
Polearms       | |  1.7
Armour         | |  1.7
Dodging        | |  0.8

Action                   |  1- 3 |  4- 6 |  7- 9 | 10-12 || total
-------------------------+-------+-------+-------+-------++-------
Melee: Mace              |    70 |   124 |   176 |   176 ||   546
       Kick              |       |       |       |    26 ||    26
Invok: Depart the Abyss  |     1 |       |       |       ||     1
       Banish            |       |       |     4 |     7 ||    11
       Bend Space        |       |       |       |     2 ||     2
       Corrupt           |       |       |       |     1 ||     1
  Use: Scroll            |     1 |     7 |     5 |     5 ||    18
       Potion            |       |     1 |     7 |     1 ||     9
 Stab: Sleeping          |     1 |       |       |     1 ||     2
       Distracted        |       |       |       |     1 ||     1
Armor: Leather armour    |    35 |    65 |    77 |       ||   177
       Robe              |       |       |    12 |    42 ||    54
Dodge: Dodged            |    49 |   100 |   162 |   170 ||   481

Table legend: (Time is in decaauts)
 A = Elapsed time spent in this place.
 B = Non-inter-level travel time spent in this place.
 C = Inter-level travel time spent in this place.
 D = Time resting spent in this place.
 E = Time spent auto-exploring this place.
 F = Levels seen in this place.
 G = Mean time per level.
                   A        B        C        D        E       F      G
               +--------+--------+--------+--------+--------+-----+--------+
         Total |  15621 |  15260 |    361 |   5866 |   7357 |  12 | 1301.8 |
       Dungeon |  14231 |  13871 |    360 |   5380 |   6821 |   9 | 1581.2 |
          Lair |    255 |    255 |      0 |     95 |    113 |   1 |  255.0 |
         Abyss |      4 |      4 |      0 |      0 |      0 |   1 |    4.0 |
         Sewer |   1129 |   1129 |      0 |    391 |    422 |   1 | 1129.0 |
               +--------+--------+--------+--------+--------+-----+--------+

Top non-repeatable levels by time:
     D:8: 2582 daAuts
     D:9: 2496 daAuts
     D:6: 1768 daAuts
     D:5: 1649 daAuts
     D:7: 1496 daAuts
     D:1: 1423 daAuts
     D:3: 1336 daAuts
   Sewer: 1129 daAuts
     D:4: 778 daAuts
     D:2: 700 daAuts
  Lair:1: 255 daAuts
 Abyss:1: 4 daAuts
